 Dungeon Crawl Stone Soup version 0.17.1-2-g5865329 (webtiles) character file.

2526 inmateoo the Basher (level 9, -9/144 HPs)
             Began as an Ogre Berserker on Feb 11, 2016.
             Was a Priest of Trog.
             Mangled by a troll (15 damage)
             ... on level 7 of the Dungeon.
             The game lasted 00:10:16 (7952 turns).

inmateoo the Basher (Ogre Berserker)                Turns: 7952, Time: 00:10:16

Health: -9/144     AC:  5    Str: 30    XL:     9   Next: 54%
Magic:  9/9        EV: 12    Int:  6    God:    Trog [***...]
Gold:   93         SH:  0    Dex: 11    Spells: 0 memorised, 8 levels left

rFire  . . .     SeeInvis +     k - +0 flail
rCold  . . .     Clarity  .     b - +0 animal skin
rNeg   . . .     SustAt   .     (no shield)
rPois  +         Gourm    .     l - +2 hat
rElec  .         Spirit   .     (no cloak)
rCorr  .         Warding  .     (gloves unavailable)
rMut   .         Stasis   .     (boots unavailable)
MR     .....                    (no amulet)
Stlth  ..........               v - ring of see invisible
                                y - ring of poison resistance

@: berserking, very quick, not resistant to hostile enchantments, extremely
unstealthy
A: unfitting armour, tough skin 1
a: Berserk, Trog's Hand, Burn Spellbooks, Renounce Religion


You were on level 7 of the Dungeon.
You worshipped Trog.
Trog was most pleased with you.
You were hungry.

You visited 1 branch of the dungeon, and saw 7 of its levels.

You collected 297 gold pieces.
You spent 204 gold pieces at shops.

Inventory:

Hand Weapons
 j - a +1 whip of flaming
 k - a +0 flail (weapon)
 o - a +0 giant spiked club
Armour
 b - a +0 animal skin (worn)
 l - a +2 hat (worn)
Jewellery
 v - a ring of see invisible (right hand)
 y - a ring of poison resistance (left hand)
Wands
 f - a wand of confusion (30)
 p - a wand of random effects (27)
 u - a wand of enslavement (3)
Scrolls
 a - 2 scrolls of remove curse
 q - a scroll of enchant armour
 s - a scroll of fear
 w - 4 scrolls of recharging
 A - a scroll of teleportation
Potions
 d - 3 potions of brilliance
 e - 5 potions of curing
 g - a potion of might
 h - a potion of invisibility {unknown}
 i - 2 potions of lignification {unknown}
 m - 3 potions of heal wounds {unknown}
 n - a potion of cancellation {unknown}
 r - a potion of experience {unknown}
 t - a potion of agility {unknown}
 x - a potion of degeneration {unknown}
 z - a potion of poison {unknown}
Comestibles
 c - 7 bread rations
 B - 2 chunks of flesh


   Skills:
 + Level 7.8 Fighting
 * Level 10.5 Maces & Flails
 + Level 4.5 Throwing
 + Level 4.1 Armour
 + Level 5.4 Dodging


You had 8 spell levels left.
You didn't know any spells.

Dungeon Overview and Level Annotations

Branches:
Dungeon (7/15)             Temple (0/1) D:5

Altars:
Ashenzari
Makhleb
Okawaru
Ru
Vehumet
Xom
Yredelemnul
Zin

Shops:
D:6 *   D:7 *


Innate Abilities, Weirdness & Mutations

You are too large for most types of armour.
You have tough skin (AC +1).


Message History

The troll bites you!
* * * LOW HITPOINT WARNING * * *
The troll barely misses you. The troll claws you but does no damage.
You sock the troll!
The troll is severely wounded.
You sock the troll!
The troll is almost dead.
The troll bites you!!
* * * LOW HITPOINT WARNING * * *
The troll claws you.
* * * LOW HITPOINT WARNING * * *
The troll closely misses you.
You closely miss the troll.
The troll is almost dead.
You barely miss the troll.
The troll is almost dead.
The troll bites you.
* * * LOW HITPOINT WARNING * * *
The troll claws you!
You die...

#.# #.........#
#......... #.#
#.........#
#......... #.#
#.........#
########## ####.#
#.........# #
.....# .........#
# ######
.).......########
#.#
.......))........
..#
######.T)(.......
#.# #.@)).......
#.# #...........
#.# #...........
#.# #.=.........
#.#######
#...........
#.......#
#...........
#..####.#
#........?..
#..##.#.#
#..$.[......
#..##<#.#
#.........


You could see a troll.

Vanquished Creatures
  Pikel (D:5)
  The ghost of Aviak the Conjurer, a novice TeAE of Ashenzari (D:6)
  Menkaure (D:6)
  2 phantoms (D:6)
  2 ice beasts
  4 slaves
  An ogre (D:5)
  3 giant frogs
  2 scorpions
  2 hounds
  A crimson imp (D:7)
  2 orc priests
  8 orc wizards
  A gnoll shaman (D:5)
  2 giant frog skeletons
  3 worker ants
  A hound zombie (D:7)
  The ghost of Charly the Grave Robber, a weakling OpNe (D:3)
  8 gnolls (D:5)
  10 adders
  2 adder skeletons (D:4)
  5 worms (D:2)
  25 orcs
  4 giant cockroaches
  5 goblins
  6 hobgoblins
  4 jackals (D:1)
  6 kobolds
  3 quokkas
  4 ball pythons
  9 bats
  3 giant newts
  A jackal skeleton (D:5)
  A quokka skeleton (D:4)
  4 rats
138 creatures vanquished.

Vanquished Creatures (others)
  2 orcs (D:4)
2 creatures vanquished.

Grand Total: 140 creatures vanquished

Notes
Turn   | Place    | Note
--------------------------------------------------------------
     0 | D:1      | inmateoo the Ogre Berserker began the quest for the Orb.
     0 | D:1      | Reached XP level 1. HP: 24/24 MP: 1/1
   165 | D:1      | Reached XP level 2. HP: 24/32 MP: 2/2
   350 | D:1      | Reached ** piety under Trog
   350 | D:1      | Reached skill level 1 in Armour
   713 | D:2      | Reached XP level 3. HP: 9/39 MP: 3/3
  1541 | D:2      | Reached skill level 5 in Maces & Flails
  1691 | D:2      | Reached XP level 4. HP: 35/49 MP: 4/4
  1840 | D:2      | Reached skill level 1 in Throwing
  1944 | D:3      | Noticed Charly's ghost (weakling OpNe)
  1980 | D:3      | Found a shimmering altar of Xom.
  2559 | D:4      | Reached *** piety under Trog
  2559 | D:4      | Reached XP level 5. HP: 43/55 MP: 5/5
  3101 | D:4      | Reached skill level 5 in Fighting
  3357 | D:4      | Reached skill level 6 in Maces & Flails
  3357 | D:4      | Reached XP level 6. HP: 55/66 MP: 6/6
  3593 | D:4      | Found a radiant altar of Vehumet.
  3602 | D:4      | Found a glowing silver altar of Zin.
  3602 | D:4      | Found a basalt altar of Yredelemnul.
  3602 | D:4      | Found an iron altar of Okawaru.
  3607 | D:4      | Found a shattered altar of Ashenzari.
  3687 | D:5      | Entered Level 5 of the Dungeon
  3999 | D:5      | Noticed Pikel
  4474 | D:3      | Killed Charly's ghost
  4766 | D:3      | Noticed a big kobold
  5097 | D:4      | Found a sacrificial altar of Ru.
  5192 | D:5      | Reached XP level 7. HP: 72/74 MP: 7/7
  5316 | D:5      | Killed Pikel
  5316 | D:5      | Reached skill level 8 in Maces & Flails
  5316 | D:5      | Reached XP level 8. HP: 54/84 MP: 8/8
  5514 | D:5      | Found a staircase to the Ecumenical Temple.
  6216 | D:6      | Noticed Aviak's ghost (novice TeAE)
  6228 | D:6      | Killed Aviak's ghost
  6228 | D:6      | Reached skill level 9 in Maces & Flails
  6520 | D:6      | Noticed Menkaure
  6542 | D:6      | Killed Menkaure
  6542 | D:6      | Reached XP level 9. HP: 93/93 MP: 9/9
  6631 | D:6      | Found Ifovou's Assorted Antiques.
  6639 | D:6      | Bought a ruby potion for 23 gold pieces
  6639 | D:6      | Bought a black potion for 23 gold pieces
  6639 | D:6      | Bought a blackened agate ring for 130 gold pieces
  6644 | D:6      | Reached skill level 5 in Dodging
  6928 | D:6      | Found a burning altar of Makhleb.
  6973 | D:6      | Reached skill level 10 in Maces & Flails
  7245 | D:7      | Found Dackace's Assorted Antiques.
  7253 | D:7      | Bought a yellow potion for 28 gold pieces
  7616 | D:7      | Reached **** piety under Trog
  7952 | D:7      | HP: 6/144 [troll (5)]
  7952 | D:7      | Mangled by a troll

Action                   |  1- 3 |  4- 6 |  7- 9 || total
-------------------------+-------+-------+-------++-------
Melee: Mace              |   119 |    63 |       ||   182
       Flail             |       |   206 |   230 ||   436
       Giant spiked club |       |       |    11 ||    11
Invok: Berserk           |       |     2 |     7 ||     9
       Trog's Hand       |       |       |     4 ||     4
       Brothers in Arms  |       |       |     1 ||     1
Evoke: Wand              |       |    14 |       ||    14
  Use: Scroll            |       |    10 |     3 ||    13
 Stab: Sleeping          |     1 |     1 |       ||     2
  Eat: Chunk             |     2 |    13 |    10 ||    25
       Pizza             |       |       |     2 ||     2
       Fruit             |       |       |     2 ||     2
       Beef jerky        |       |       |     1 ||     1
